 Dungeon Crawl Stone Soup version 0.26.1-2-gb8aa6d0cf2 (webtiles) character file.

Game seed: 1009942148532783677

51 leviel the Stinger (level 3, -1/19 HPs)
             Began as a Gargoyle Venom Mage on Mar 21, 2021.
             Slain by a worm (7 damage)
             ... on level 2 of the Dungeon.
             The game lasted 00:08:11 (3171 turns).

leviel the Stinger (Gargoyle Venom Mage)            Turns: 3171, Time: 00:08:13

Health: -1/19      AC:  7    Str: 11    XL:     3   Next: 81%
Magic:  5/6        EV: 12    Int: 16    God:
Gold:   59         SH:  0    Dex: 10    Spells: 6/7 levels left

rFire    . . .     SeeInvis .   (no weapon)
rCold    . . .     Faith    .   (no shield)
rNeg     + . .     Spirit   .   a - +2 robe
rPois    ∞         Reflect  .   (no helmet)
rElec    +         Harm     .   (no cloak)
rCorr    .         Rampage  .   (no gloves)
Will     .....                  (no boots)
Stlth    ++........             (no amulet)
HPRegen  0.06/turn              (no ring)
MPRegen  0.10/turn              (no ring)

@: no status effects
A: negative energy resistance 1, electricity resistance, unbreathing,
petrification resistance, miasma immunity, AC +3
a: no special abilities


You were on level 2 of the Dungeon.
You visited 1 branch of the dungeon, and saw 2 of its levels.

You collected 59 gold pieces.

Inventory:

Armour
 a - a +2 robe (worn)
Scrolls
 b - a scroll of magic mapping
 c - a scroll of enchant weapon {unknown}
 f - a scroll of fear {unknown}
 g - a scroll of identify
 h - a scroll of amnesia {unknown}
 i - a scroll of remove curse
Potions
 d - 3 potions of flight {unknown}
 e - 2 potions of curing {unknown}


   Skills:
 + Level 0.9 Throwing
 + Level 2.0 Dodging
 + Level 2.2 Stealth
 + Level 0.2 Unarmed Combat
 * Level 2.5 Spellcasting
 + Level 1.0 Transmutations
 * Level 3.4 Poison Magic


You had 6 spell levels left.
You knew the following spells:

 Your Spells              Type           Power        Failure   Level
a - Sting                 Tmut/Pois      36%          8%          1

Your spell library contained the following spells:

 Spells                   Type           Power        Failure   Level
 Poisonous Vapours        Pois/Air       14%          14%         2
 Ignite Poison            Fire/Tmut/Pois 6%           32%         3
 Mephitic Cloud           Conj/Pois/Air  5%           36%         3
 Olgreb's Toxic Radiance  Pois           13%          43%         4


Dungeon Overview and Level Annotations

Branches:
Dungeon (2/15)

Altars:
Zin


Innate Abilities, Weirdness & Mutations

You are resistant to torment.
Your stone body is resilient. (AC +3)
You are immune to poison.
You resist negative energy. (rN+)
You are resistant to electric shocks. (rElec)
You can survive without breathing.
You are immune to petrification.
You are immune to miasma.


Message History

You are too injured to fight recklessly!
You are too injured to fight recklessly!
You are too injured to fight recklessly!
You are too injured to fight recklessly!
You are too injured to fight recklessly!
You are too injured to fight recklessly!
You are too injured to fight recklessly!
You are too injured to fight recklessly!
You are too injured to fight recklessly!
You are too injured to fight recklessly!
You are too injured to fight recklessly!
Casting: Sting (safe; 8% risk of failure)
Confirm with . or Enter, or press ? or * to list all spells.
Aiming: Sting (safe; 8% risk of failure)
Press: ? - help, Shift-Dir - straight line, f/p - worm
Aim: a worm (heavily wounded, 11% to evade)
The sting hits the worm.
The worm is poisoned.
The worm is heavily wounded.
The worm bites you!
You die...

#.....## ##....##
##.....## ###.#..##
##.......##
#####...####.........#
...........+.........+
#####..<####.........#
###..## #.......#
#...## #...w.# #.###
#.@.# #.# ##'## #.#
#.# #.# ###.# #.#
##.#.######
#.#########...........
#...<................#
###########......###.#
##.#.#.#


You could see a worm (poisoned).

Vanquished Creatures
  An ooze (D:1)
  2 dart slugs (D:2)
  3 leopard geckos
  2 giant cockroaches
  3 goblins (D:2)
  2 hobgoblins (D:1)
  4 jackals (D:1)
  11 bats
  4 frilled lizards
  5 kobolds
  A rat (D:2)
38 creatures vanquished.

Notes
Turn   | Place    | Note
-------+----------+-------------------------------------------
     0 | D:1      | leviel the Gargoyle Venom Mage began the quest for the Orb.
     0 | D:1      | Reached XP level 1. HP: 10/10 MP: 3/3
   723 | D:1      | Reached XP level 2. HP: 4/15 MP: 3/5
  1628 | D:1      | Reached XP level 3. HP: 6/19 MP: 6/6
  2111 | D:2      | Reached skill level 1 in Transmutations
  2544 | D:2      | Found a glowing silver altar of Zin.
  2544 | D:2      | Noticed an angel
  3171 | D:2      | Slain by a worm

Illustrated notes

Levels and vault maps discovered:
D:1:      psy_arrival_statuary, layout_loops_ring
D:2:      layout_loops_corners, overflow_temple_1_default, zin_angel

Skill      XL: |  1  2  3 |
---------------+----------+-----
Transmutations | 1 |  1.0
Dodging        | 2 |  2.0
Throwing       | |  0.9
Stealth        | |  2.2
Unarmed Combat | |  0.2
Spellcasting   | |  2.5
Poison Magic   | |  3.4

Action                   || total
-------------------------++-------
Melee: Unarmed           ||   107
Throw: Dart              ||    49
 Cast: Sting             ||    46
  Use: Scroll            ||     6
Armor: Robe              ||    50
Dodge: Dodged            ||    92
